 Dungeon Crawl Stone Soup version 0.26.1-11-gd32895ea62 (webtiles) character file.

Game seed: 13984990493544232400

172252 Bjuglez the Severer (level 17, -1/158 HPs)
             Began as a Minotaur Berserker on July 1, 2021.
             Was a High Priest of Trog.
             Slain by a jumping spider (11 damage)
             ... on level 1 of the Spider Nest.
             The game lasted 02:26:51 (35605 turns).

Bjuglez the Severer (Minotaur Berserker)           Turns: 35605, Time: 02:26:52

Health: -1/158     AC: 26    Str: 33    XL:     17   Next: 40%
Magic:  16/16      EV:  9    Int: 15    God:    Trog [*****.]
Gold:   1136       SH: 12    Dex: 10    Spells: 16/16 levels left

rFire    + + .     SeeInvis .   t - +8 flail of Jiucieg {vorpal, rPois rC+ Int+4}
rCold    + + .     Faith    .   U - +0 kite shield
rNeg     + . .     Spirit   .   b - +5 plate armour {rF+}
rPois    +         Reflect  .   X - -2 hat of the Alchemist {rElec rPois rF+ rC+ rN+ Will+ rMut rCorr}
rElec    +         Harm     .   F - scarf {+Inv}
rCorr    +         Rampage  .   n - +1 pair of gloves of Ytsadon {rPois Int+7}
rMut     +                      G - +1 pair of boots
Will     ++...                  J - amulet of regeneration
Stlth    ..........             P - +6 ring of strength
HPRegen  0.76/turn              R - ring of resist corrosion
MPRegen  0.15/turn

@: lethally poisoned (-1 -> -3), hasted, very quick
A: retaliatory headbutt, horns 2, weak 1
a: Renounce Religion, Evoke Invisibility, Berserk, Trog's Hand, Brothers in Arms


You were on level 1 of the Spider Nest.
You worshipped Trog.
Trog was extremely pleased with you.
You visited 5 branches of the dungeon, and saw 26 of its levels.
You visited the Abyss 1 time.

You collected 2263 gold pieces.
You spent 1127 gold pieces at shops.

Inventory:

Hand Weapons
 t - the +8 flail of Jiucieg (weapon) {vorpal, rPois rC+ Int+4}
   (You bought it in a shop on level 1 of the Orcish Mines)

   It inflicts extra damage upon your enemies.
   It affects your intelligence (+4).
   It protects you from cold.
   It protects you from poison.
 A - a +7 battleaxe of venom
Missiles
 q - 2 silver javelins (quivered)
Armour
 b - a +5 plate armour of fire resistance (worn)
 f - a +6 plate armour
 n - the +1 pair of gloves of Ytsadon (worn) {rPois Int+7}
   (You took it off Nikola on level 1 of the Spider Nest)

   It affects your intelligence (+7).
   It protects you from poison.
 F - a scarf of invisibility (worn)
 G - a +1 pair of boots (worn)
 U - a +0 kite shield (worn)
 X - the -2 hat of the Alchemist (worn) {rElec rPois rF+ rC+ rN+ Will+ rMut rCorr}
   (You bought it in a shop on level 14 of the Dungeon)

   It protects you from fire.
   It protects you from cold.
   It insulates you from electricity.
   It protects you from poison.
   It protects you from negative energy.
   It affects your willpower, your defense against some magical effects.
   It provides partial protection from all sources of acid and corrosion.
   It protects you from mutation.
Jewellery
 o - an uncursed ring of fire {unknown}
 J - an amulet of regeneration (around neck)
 P - a +6 ring of strength (left hand)
 R - a ring of resist corrosion (right hand)
 W - an uncursed ring of poison resistance
Wands
 c - a wand of acid (5)
 g - a wand of disintegration (27)
 s - a wand of polymorph (24)
 w - a wand of digging (1)
 x - a wand of paralysis (24)
 y - a wand of flame (14)
 B - a wand of iceblast (5)
 N - a wand of random effects (22)
Scrolls
 d - 8 scrolls of identify
 j - 10 scrolls of remove curse
 l - 9 scrolls of teleportation
 r - 2 scrolls of fog
 C - 2 scrolls of brand weapon
 E - a scroll of magic mapping
Potions
 e - a potion of might
 h - 2 potions of magic
 i - 4 potions of flight
 u - 3 potions of resistance
 D - 4 potions of curing
 K - 2 potions of ambrosia
 Q - 2 potions of haste
Miscellaneous
 z - a phantom mirror
 S - a lightning rod (4/4)


   Skills:
 + Level 16.0 Fighting
 + Level 0.5(0.7) Short Blades
 + Level 0.6(0.9) Long Blades
 + Level 19.5(20.7) Axes
 + Level 13.2(17.8) Maces & Flails
 + Level 0.6(13.2) Polearms
 + Level 1.0(8.8) Staves
 + Level 0.5(1.5) Slings
 + Level 0.5 Bows
 + Level 0.5 Crossbows
 + Level 2.1 Throwing
 + Level 17.2 Armour
 + Level 4.6 Dodging
 - Level 2.0 Stealth
 + Level 8.6 Shields
 + Level 0.5 Unarmed Combat
 + Level 0.2 Spellcasting
 + Level 0.2 Conjurations
 + Level 0.2 Hexes
 + Level 0.2 Summonings
 + Level 0.5 Necromancy
 + Level 0.2 Translocations
 + Level 0.3 Transmutations
 + Level 0.4 Fire Magic
 + Level 0.5 Ice Magic
 + Level 0.2 Air Magic
 + Level 0.6 Earth Magic
 + Level 0.2 Poison Magic
 + Level 0.4 Invocations
 + Level 1.3 Evocations


You had 16 spell levels left.
You didn't know any spells.
Your spell library contained the following spells:

 Spells                   Type           Power        Failure   Level
 Animate Skeleton         Necr           2%           91%         1
 Freeze                   Ice            4%           91%         1
 Apportation              Tloc           2%           92%         1
 Shock                    Conj/Air       4%           92%         1
 Summon Small Mammal      Summ           4%           92%         1
 Corona                   Hex            0%           93%         1
 Corpse Rot               Necr/Air       N/A          97%         2
 Passwall                 Tmut/Erth      0%           97%         2
 Sublimation of Blood     Necr           0%           97%         2
 Poisonous Vapours        Pois/Air       2%           98%         2
 Swiftness                Air            1%           98%         2
 Frozen Ramparts          Ice            2%           99%         3
 Ozocubu's Armour         Ice            1%           99%         3
 Conjure Flame            Conj/Fire      1%           100%        3
 Mephitic Cloud           Conj/Pois/Air  1%           100%        3
 Static Discharge         Conj/Air       1%           100%        3
 Airstrike                Air            0%           100%        4
 Dispel Undead            Necr           1%           100%        4
 Hailstorm                Conj/Ice       1%           100%        4
 Leda's Liquefaction      Hex/Erth       0%           100%        4
 Passage of Golubria      Tloc           N/A          100%        4
 Summon Ice Beast         Ice/Summ       1%           100%        4
 Agony                    Necr           1%           100%        5
 Bolt of Magma            Conj/Fire/Erth 0%           100%        5
 Excruciating Wounds      Necr           0%           100%        5
 Lee's Rapid Deconstruct  Erth           0%           100%        5
 Lightning Bolt           Conj/Air       0%           100%        5
 Freezing Cloud           Conj/Ice/Air   0%           100%        6
 Invisibility             Hex            0%           100%        6
 Iron Shot                Conj/Erth      0%           100%        6
 Statue Form              Tmut/Erth      0%           100%        6
 Shatter                  Erth           0%           100%        9


Dungeon Overview and Level Annotations

Branches:
Dungeon (15/15)            Temple (0/1) D:4            Lair (6/6) D:9
  Swamp (0/4) Lair:2       Spider (2/4) Lair:4        Slime (1/5) Lair:6
    Orc (2/2) D:10            Elf (0/3) Orc:2        Vaults (0/5) D:14
 Depths (0/5) D:15

Altars:
Ashenzari
Dithmenos
Kikubaaqudgha
Nemelex Xobeh
Qazlal
Trog
Uskayaw
The Shining One
Beogh
Jiyva

Shops:
D:4 !   D:6 :   D:7 *   D:8 !   D:14 [   D:15 (   Orc:1 *([   Orc:2 =[!:

Portals:
Trove: D:10 (give +3 fire dragon scales)

Annotations:
D:8 3 runed translucent doors
Lair:3 2 transporters, Ufrecvun's ghost, journeyman GnCj
Lair:6 exclusion: 3 oklob plants


Innate Abilities, Weirdness & Mutations

You reflexively headbutt those who attack you in melee.
You have a pair of horns on your head.
You are weak. (Str -2)


Message History

You feel sick.
The wolf spider hits you but does no damage.
The wolf spider bites you but does no damage.
The jumping spider completely misses you.
You block the jumping spider's attack. You block the wolf spider's attack.
The wolf spider bites you but does no damage.
The wolf spider hits you but does no damage.
The wolf spider bites you but does no damage.
You climb upwards.
You feel sick.
There is a stone staircase leading down, spattered with blood here.
You feel yourself speed up.
You feel sick. The jumping spider pounces on you!
* * * LOW HITPOINT WARNING * * *
The jumping spider bites you but does no damage.
You block the wolf spider's attack. x2
The wolf spider hits you but does no damage.
The wolf spider bites you but does no damage.
You block the wolf spider's attack.
The wolf spider bites you but does no damage.
The jumping spider pounces on you!
You die...

####..# #.
##....## ##
##.....#
#..#####
#...^# ###..#
#..##
##^.#### ####
#..##..###@s#
##.......sss#
#..........##
############


You could see 3 wolf spiders and a jumping spider.

Vanquished Creatures
  Nikola (Spider:1)
  Agnes (D:15)
  Louise (D:14)
  Nessos (D:13)
  Azrael (D:15)
  2 entropy weavers (Spider:2)
  5 dire elephants (Lair:6)
  Josephine (D:15)
  4 vault guards
  6 boulder beetles
  4 hydras
  4 centaur warriors
  An ogre mage (D:14)
  An anaconda (Lair:6)
  A death knight (D:15)
  8 two-headed ogres
  5 death yaks
  A vampire mage (D:14)
  9 orc high priests
  Sonja (Lair:5)
  2 skeletal warriors (D:15)
  A fire crab (Lair:6)
  An unseen horror (D:15)
  A necromancer (D:15)
  An orc knight (D:15)
  A deep elf mage (D:14)
  A lindwurm (Lair:6)
  A stone giant zombie (D:15)
  An orc sorcerer (Orc:1)
  12 orb spiders
  11 wolf spiders
  A phantasmal warrior (D:15)
  A manticore (D:15)
  4 ugly things (D:14)
  6 black mambas
  3 cyclopes
  4 elephants (Lair:6)
  A torpor snail (Lair:5)
  2 gargoyles
  A kobold demonologist (D:13)
  Maggie (D:6)
  A yaktaur zombie (D:15)
  4 rime drakes
  16 cane toads
  9 komodo dragons
  2 freezing wraiths (D:15)
  3 polar bears
  3 meliai (D:13)
  5 demonic crawlers
  12 jumping spiders
  10 trolls
  4 hornets
  3 tyrant leeches (Lair:2)
  A meliai zombie (D:14)
  14 slime creatures
  Grinder (D:5)
  32 blink frogs
  8 wraiths
  An ice dragon skeleton (D:15)
  2 shadows
  A vampire (D:10)
  13 tarantellas
  64 yaks
  5 basilisks
  22 redbacks
  9 humans (D:14)
  3 vampire mosquitoes (D:15)
  2 wyverns
  3 fire elementals (D:15)
  A human zombie (D:15)
  A swamp worm (Lair:2)
  7 wargs
  10 water moccasins
  An acid dragon (D:14)
  4 hell hounds
  14 ice beasts
  3 sky beasts
  2 black bears
  4 phantoms
  6 necrophages
  21 orc warriors
  An eye of draining (D:11)
  21 ogres
  6 wolves (Lair:3)
  12 centaurs
  10 bullfrogs
  3 big kobolds
  4 gnoll sergeants (D:10)
  A wyvern skeleton (D:9)
  10 scorpions
  10 killer bees
  6 wights
  A small abomination (Abyss:1)
  An electric eel (Lair:1)
  4 centaur zombies
  A quasit (D:14)
  A bullfrog zombie (D:7)
  3 hounds
  5 jellies
  A gnoll shaman (Orc:2)
  30 orc priests
  3 bullfrog skeletons
  6 centaur skeletons
  6 iguanas
  Ijyb (D:3)
  16 orc wizards
  12 worker ants
  A killer bee zombie (D:7)
  A hound zombie (D:10)
  5 adders
  8 gnolls
  A river rat (D:5)
  3 shadow imps
  2 white imps (D:10)
  2 oozes (D:2)
  2 ufetubi
  An adder zombie (D:5)
  5 worms
  A dart slug (D:2)
  3 leopard geckos
  84 orcs
  A ball python (D:2)
  7 giant cockroaches
  5 goblins
  7 hobgoblins
  9 jackals
  8 kobolds
  7 quokkas
  4 bats
  3 frilled lizards
  A leopard gecko skeleton (D:4)
  A quokka skeleton (D:5)
  7 rats
  2 bushes
  2 butterflies (Lair:6)
800 creatures vanquished.

Vanquished Creatures (collateral kills)
  3 wolf spiders (Spider:1)
3 creatures vanquished.

Vanquished Creatures (others)
  An orb spider (Spider:1)
  A redback (Spider:2)
  A human (D:6)
  59 fungi
  50 plants
  3 withered plants (D:15)
115 creatures vanquished.

Grand Total: 918 creatures vanquished

Notes
Turn   | Place    | Note
-------+----------+-------------------------------------------
     0 | D:1      | Bjuglez the Minotaur Berserker began the quest for the Orb.
     0 | D:1      | Reached XP level 1. HP: 19/19 MP: 0/0
   214 | D:1      | Reached XP level 2. HP: 27/27 MP: 1/1
   643 | D:1      | Found a glowing golden altar of the Shining One.
  1027 | D:2      | Reached skill level 4 in Axes
  1117 | D:2      | Reached XP level 3. HP: 32/33 MP: 2/2
  1210 | D:2      | Reached XP level 4. HP: 11/41 MP: 3/3
  2047 | D:3      | Noticed Ijyb
  2056 | D:3      | Reached ** piety under Trog
  2059 | D:3      | Killed Ijyb
  2060 | D:3      | Reached skill level 5 in Axes
  2060 | D:3      | Noticed a bullfrog
  2068 | D:3      | Killed a bullfrog
  2069 | D:3      | Reached XP level 5. HP: 45/47 MP: 4/4
  2159 | D:3      | Reached skill level 1 in Stealth
  2961 | D:4      | Reached XP level 6. HP: 55/55 MP: 5/5
  3016 | D:4      | Reached skill level 6 in Axes
  3343 | D:4      | Found a staircase to the Ecumenical Temple.
  3368 | D:4      | Reached skill level 5 in Fighting
  3740 | D:4      | Found Deoxt's Distillery.
  4008 | D:5      | Entered Level 5 of the Dungeon
  4197 | D:5      | Reached skill level 7 in Axes
  4197 | D:5      | Reached XP level 7. HP: 25/61 MP: 6/6
  4386 | D:5      | Noticed Grinder
  4426 | D:5      | Killed Grinder
  4427 | D:5      | Reached skill level 5 in Armour
  4776 | D:5      | Reached *** piety under Trog
  5074 | D:5      | Reached skill level 8 in Axes
  5799 | D:6      | Reached XP level 8. HP: 35/70 MP: 7/7
  6136 | D:6      | Reached skill level 1 in Throwing
  6196 | D:6      | Found Datwouss's Book Shoppe.
  6578 | D:6      | Found an ancient bone altar of Kikubaaqudgha.
  6587 | D:6      | Reached skill level 9 in Axes
  6593 | D:6      | Noticed Maggie
  6621 | D:6      | Killed Maggie
  7279 | D:7      | Found Pulo's General Store.
  7536 | D:7      | Reached XP level 9. HP: 79/79 MP: 8/8
  7606 | D:7      | Found a broken altar of Ashenzari.
  7606 | D:7      | Found a hide-covered altar of Uskayaw.
  7606 | D:7      | Found a bloodstained altar of Trog.
  7786 | D:7      | Reached skill level 10 in Axes
  7822 | D:7      | Found a sparkling altar of Nemelex Xobeh.
  8085 | D:8      | Reached **** piety under Trog
  8373 | D:8      | Found Louvu's Distillery.
  8561 | D:8      | Found a runed translucent gate.
  8561 | D:8      | Noticed a cyan ugly thing
  8561 | D:8      | Noticed a red ugly thing
  8561 | D:8      | Noticed a white very ugly thing
  8562 | D:8      | Found a runed translucent gate.
  8562 | D:8      | Found a runed translucent gate.
  8562 | D:8      | Noticed a white ugly thing
  8562 | D:8      | Noticed a green ugly thing
  8784 | D:9      | Noticed a komodo dragon
  9125 | D:8      | Killed a komodo dragon
  9126 | D:8      | Reached skill level 11 in Axes
  9733 | D:9      | Found a staircase to the Lair.
  9999 | D:9      | Reached ***** piety under Trog
 10457 | D:9      | Reached XP level 10. HP: 90/90 MP: 9/9
 10613 | D:9      | Found a stormy altar of Qazlal.
 10668 | D:9      | Reached skill level 12 in Axes
 10694 | Lair:1   | Entered Level 1 of the Lair of Beasts
 10734 | Lair:1   | Reached skill level 10 in Armour
 10924 | Lair:1   | Noticed a cane toad
 10932 | Lair:1   | Killed a cane toad
 11043 | Lair:1   | Noticed a cane toad
 11051 | Lair:1   | Killed a cane toad
 11436 | Lair:1   | Reached skill level 13 in Axes
 11612 | Lair:1   | Noticed a four-headed hydra
 11776 | Lair:1   | Reached XP level 11. HP: 61/99 MP: 10/10
 11779 | Lair:1   | Killed a ten-headed hydra
 13131 | Lair:2   | Reached skill level 14 in Axes
 13444 | Lair:2   | Got a masterwork quarterstaff
 13446 | Lair:2   | Identified the +7 quarterstaff of the Equinox {venom,
                  | Int+2} (You found it on level 2 of the Lair of Beasts)
 13726 | Lair:3   | Reached skill level 10 in Fighting
 14590 | Lair:2   | Reached skill level 15 in Axes
 15874 | Lair:2   | Found a staircase to the Swamp.
 15951 | Lair:2   | Reached XP level 12. HP: 58/108 MP: 11/11
 16413 | Lair:3   | Got a fine robe
 16414 | Lair:3   | Identified the +2 robe of the Shining Light {Harm rElec rF-
                  | Str+6} (You found it on level 3 of the Lair of Beasts)
 16710 | Lair:3   | Noticed a boulder beetle
 16721 | Lair:3   | Killed a boulder beetle
 16862 | Lair:3   | Found a transporter.
 16983 | Lair:3   | Noticed a death yak
 16984 | Lair:3   | Noticed a death yak
 16984 | Lair:3   | Noticed a death yak
 16984 | Lair:3   | Noticed a death yak
 16985 | Lair:3   | Noticed a death yak
 17013 | Lair:3   | Killed a death yak
 17018 | Lair:3   | Reached skill level 16 in Axes
 17153 | Lair:2   | Killed a death yak
 17156 | Lair:2   | Killed a death yak
 17312 | Lair:3   | Killed a death yak
 17332 | Lair:3   | Killed a death yak
 17749 | Lair:3   | Noticed Ufrecvun's ghost (journeyman GnCj)
 17751 | Lair:3   | Identified the +5 trident of Megalomania {flame, rN+}
 17753 | Lair:3   | Found a bloodstained altar of Trog.
 17769 | Lair:3   | Found a transporter.
 18242 | Lair:4   | Reached skill level 17 in Axes
 18495 | Lair:4   | Found a hole to the Spider Nest.
 18913 | Lair:4   | Reached XP level 13. HP: 104/118 MP: 12/12
 19412 | Lair:5   | Noticed Sonja
 19473 | Lair:6   | Entered Level 6 of the Lair of Beasts
 19697 | Lair:5   | Cast into level 1 of the Abyss (Sonja)
 19748 | Lair:5   | Escaped the Abyss
 19767 | Lair:5   | Killed Sonja
 20850 | Lair:6   | Reached skill level 15 in Armour
 20944 | Lair:6   | Reached skill level 18 in Axes
 21277 | Lair:6   | Received a gift from Trog
 21369 | Lair:6   | Found a staircase to the Slime Pits.
 21369 | Lair:6   | Found a viscous altar of Jiyva.
 21963 | Lair:6   | Noticed a dire elephant
 21963 | Lair:6   | Noticed a dire elephant
 21982 | Lair:6   | Killed a dire elephant
 21985 | Lair:6   | Killed a dire elephant
 22032 | Lair:6   | Noticed a dire elephant
 22045 | Lair:6   | Killed a dire elephant
 22144 | Lair:6   | Noticed a dire elephant
 22156 | Lair:6   | Killed a dire elephant
 22507 | D:10     | Entered Level 10 of the Dungeon
 22521 | D:10     | Found a staircase to the Orcish Mines.
 22549 | D:10     | Reached XP level 14. HP: 109/129 MP: 13/13
 22570 | Orc:1    | Entered Level 1 of the Orcish Mines
 22595 | Orc:1    | Found Rusuj's Antique Armour Shoppe.
 22800 | Orc:2    | Entered Level 2 of the Orcish Mines
 23231 | Orc:2    | Gained mutation: You are weak. (Str -2) [a neqoxec]
 23451 | Orc:2    | Reached skill level 19 in Axes
 23530 | Orc:2    | Found a staircase to the Elven Halls.
 23919 | Orc:2    | Found Qaapine's Distillery.
 24482 | Orc:2    | Found Weoked's Book Shop.
 24498 | Orc:2    | Bought a potion of heal wounds for 85 gold pieces
 24520 | Orc:2    | Found a roughly hewn altar of Beogh.
 24552 | Orc:2    | Found Jali's Antique Armour Shop.
 24552 | Orc:2    | Found Wudyejurph's Jewellery Emporium.
 24613 | Orc:2    | Bought a sapphire-encrusted chain mail for 285 gold pieces
 24613 | Orc:2    | Identified the +3 chain mail of Protective Custody {rF+}
                  | (You bought it in a shop on level 2 of the Orcish Mines)
 25061 | Orc:1    | Found Titaosch's Assorted Antiques.
 25072 | Orc:1    | Bought a faintly glowing flail for 238 gold pieces
 25072 | Orc:1    | Identified the +8 flail of Jiucieg {vorpal, rPois rC+
                  | Int+4} (You bought it in a shop on level 1 of the Orcish
                  | Mines)
 25171 | Orc:1    | Found Tibb's Weapon Boutique.
 25429 | D:10     | Received a gift from Trog
 25525 | D:10     | Reached skill level 1 in Maces & Flails
 25809 | D:10     | Found a portal to a secret trove of treasure.
 27164 | D:12     | Reached skill level 5 in Maces & Flails
 27592 | D:12     | Received a gift from Trog
 28356 | D:13     | Noticed Nessos
 28391 | D:13     | Killed Nessos
 28595 | D:13     | Found a frozen archway.
 28721 | D:13     | Reached skill level 1 in Shields
 28985 | D:13     | Reached XP level 15. HP: 120/139 MP: 14/14
 29639 | D:14     | Received a gift from Trog
 29870 | D:14     | Found a gate to the Vaults.
 29989 | D:14     | Reached skill level 10 in Maces & Flails
 30123 | D:14     | Found a shadowy altar of Dithmenos.
 30492 | D:14     | Reached skill level 15 in Fighting
 30542 | D:14     | Noticed Louise
 30568 | D:14     | Killed Louise
 30613 | D:14     | Found Har Cama's Armour Boutique.
 30658 | D:14     | Bought the -2 hat of the Alchemist {rElec rPois rF+ rC+ rN+
                  | Will+ rMut rCorr} for 519 gold pieces
 30658 | D:14     | Found the -2 hat of the Alchemist {rElec rPois rF+ rC+ rN+
                  | Will+ rMut rCorr}
 30898 | D:15     | Entered Level 15 of the Dungeon
 30911 | D:15     | Found a staircase to the Depths.
 30928 | D:15     | Noticed Josephine
 30955 | D:15     | Killed Josephine
 31715 | D:15     | Reached skill level 5 in Shields
 31754 | D:15     | Found Saim's Weapon Boutique.
 31822 | D:15     | Reached skill level 1 in Evocations
 31918 | D:15     | Reached ****** piety under Trog
 32089 | D:15     | Noticed Azrael
 32107 | D:15     | Killed Azrael
 32160 | D:15     | Noticed Agnes
 32174 | D:15     | Killed Agnes
 32893 | Slime:1  | Entered Level 1 of the Pits of Slime
 32898 | Slime:1  | Noticed an acid blob
 32902 | Slime:1  | Received a gift from Trog
 33088 | Spider:1 | Entered Level 1 of the Spider Nest
 33345 | Spider:1 | Reached XP level 16. HP: 140/149 MP: 15/15
 33373 | Spider:1 | Reached skill level 1 in Staves
 33373 | Spider:1 | Reached XP level 17. HP: 157/157 MP: 16/16
 33431 | Spider:1 | Identified the +1 pair of gloves of Ytsadon {rPois Int+7}
 33431 | Spider:1 | Noticed Nikola
 33446 | Spider:1 | Killed Nikola
 35019 | Spider:1 | HP: 11/237 [wolf spider (15)]
 35025 | Spider:1 | HP: 11/237 [poisoned by a wolf spider]
 35029 | Spider:1 | HP: 5/158 [wolf spider (2)]
 35030 | Spider:1 | HP: 2/158 [wolf spider (5)]
 35605 | Spider:1 | Slain by a jumping spider

Illustrated notes

Levels and vault maps discovered:
D:1:      dpeg_arrival_pond, layout_loops_cross, chequers_avenue, tso_altar
D:2:      layout_basic, item_on_display_a
D:3:      layout_basic, uniq_ijyb
D:4:      layout_loops_corners, minmay_temple_entry_trees, serial_shops,
          nicolae_shop_crystal
D:5:      layout_basic, gup_sewer_entry_bowl, hex_medium, interstate_on_off,
          uniq_grinder
D:6:      layout_loops_corners, serial_shops, nicolae_shop_trees,
          tgw_kikubaaqudgha, uniq_maggie
D:7:      layout_basic, gammafunk_temple_overflow_forgotten, serial_shops, shop,
          basic_altar
D:8:      layout_loops_ring, ploomutoo_gammafunk_ghost_potion_laboratory,
          serial_shops, shop
D:9:      layout_roguey, general_overflow_altar, grunt_lair_entry_orc_guard_hut
D:10:     layout_loops_ring, kennysheep_orc_monster_closet_entryway,
          enter_trove_5, moated_statue
D:11:     layout_grid_maze
D:12:     layout_small_grid
D:13:     minmay_general_purpose_star, layout_long_grid,
          portal_ice_cave_entry_ice_beasts, uniq_nessos
D:14:     layout_grid_maze, ximxim_vaults_locker_room, serial_shops,
          nicolae_shop_trees, nicolae_dithmenos_shadow_blocks,
          minmay_statues_item, uniq_louise
D:15:     gammafunk_depths_entry_grave, layout_rooms, gauntlet_entry_generic,
          serial_shops, nicolae_shop_stone, columned_hall_lemuel, uniq_agnes,
          uniq_josephine, uniq_azrael
Lair:1:   layout_gridlike, serial_rivers, chequers_serial_rivers_marsh,
          chequers_serial_rivers_micro_b, chequers_serial_rivers_micro_c,
          chequers_serial_rivers_micro_c, grunt_megastairs_3
Lair:2:   layout_regular_city, minmay_swamp_entry_worms, enter_volcano_3,
          patterned_corridor
Lair:3:   layout_hall_layers, gammafunk_ghost_wrathful_warriors,
          roderic_carrion_pond
Lair:4:   layout_roguey, nicolae_spider_entry_non_spiders,
          small_statue_intersection, grunt_megastairs_1
Lair:5:   layout_hall_layers, cheibrodos_lair_caveside_slide, lemuel_fruit_tree,
          grunt_megastairs_5, serial_bayou_shore_a, uniq_sonja
Lair:6:   due_jungle_book, layout_regular_city, slime_altar_1,
          serial_bayou_shore_b, lemuel_fruit_fields, grunt_megastairs_4,
          minmay_lair_oklob_chamber
Spider:1: layout_spider_delve, nicolae_spider_circle_web, nicolae_spider_shape,
          uniq_nikola
Spider:2: nicolae_spider_corner
Slime:1:  layout_caves
Orc:1:    layout_caves, serial_shops, shop_statue, shop_statue,
          nicolae_shop_behind_doors, shop
Orc:2:    st_orc_town, layout_diamond_mine

Skill      XL: |  1  2  3  4  5  6  7  8  9 10 11 12 13 14 15 16 17 |
---------------+----------------------------------------------------+-----
Fighting       | 4 5 7 8 9 10 12 13 14 15 16 | 16.0
Axes           | 4 5 7 8 9 11 13 15 17 18 19 | 19.5
Armour         | 3 4 6 8 9 11 13 14 15 16 17 | 17.2
Stealth        | 1 2 |  2.0
Throwing       | 1 2 |  2.1
Dodging        | 3 4 |  4.6
Maces & Flails | 8 12 13 | 13.2
Shields        | 1 6 8 |  8.6
Evocations     | 1 |  1.3
Staves         | 1 |  1.0
Short Blades   | |  0.5
Long Blades    | |  0.6
Polearms       | |  0.6
Slings         | |  0.5
Bows           | |  0.5
Crossbows      | |  0.5
Unarmed Combat | |  0.5
Spellcasting   | |  0.2
Conjurations   | |  0.2
Hexes          | |  0.2
Summonings     | |  0.2
Necromancy     | |  0.5
Translocations | |  0.2
Transmutations | |  0.3
Fire Magic     | |  0.4
Ice Magic      | |  0.5
Air Magic      | |  0.2
Earth Magic    | |  0.6
Poison Magic   | |  0.2
Invocations    | |  0.4

Action                   |  1- 3 |  4- 6 |  7- 9 | 10-12 | 13-15 | 16-18 || total
-------------------------+-------+-------+-------+-------+-------+-------++-------
Melee: Hand axe          |    58 |   118 |   421 |       |       |       ||   597
       Headbutt          |    11 |    20 |    97 |   108 |   350 |    60 ||   646
       Battleaxe         |       |       |    38 |   471 |   477 |       ||   986
       Flail             |       |       |       |       |   855 |   234 ||  1089
Throw: Javelin           |       |       |     3 |     3 |     4 |       ||    10
Invok: Berserk           |     1 |     3 |     5 |     5 |     3 |     1 ||    18
       Brothers in Arms  |       |       |       |       |     1 |     1 ||     2
       Trog's Hand       |       |       |       |       |     1 |     1 ||     2
 Abil: Evoke Invisibilit |       |       |       |       |     1 |       ||     1
Evoke: Phantom mirror    |       |       |     1 |       |       |       ||     1
       Wand              |       |       |       |     7 |     1 |       ||     8
       Lightning rod     |       |       |       |       |     1 |       ||     1
  Use: Scroll            |     5 |     7 |    12 |    10 |    24 |     5 ||    63
       Potion            |     1 |     5 |     4 |     4 |     7 |     4 ||    25
Armor: Animal skin       |     5 |       |       |       |       |       ||     5
       Plate armour      |    42 |    73 |   194 |   316 |   974 |   273 ||  1872
Dodge: Dodged            |    40 |    53 |   151 |   222 |   482 |   122 ||  1070
Block: Kite shield       |       |       |       |       |   359 |   242 ||   601
